 Dungeon Crawl Stone Soup version 0.24.0-123-gd5b16e6ec5 (webtiles) character file.

Game seed: 18114335298796498915, levelgen mode: deterministic

54 Curus the Twirler (level 3, -3/29 HPs)
             Began as a Demonspawn Gladiator on Jan 9, 2020.
             Was an Initiate of Trog.
             Slain by Crazy Yiuf
             ... wielding a +3 quarterstaff of chaos
              (11 damage)
             ... on level 2 of the Dungeon.
             The game lasted 00:06:28 (1222 turns).

Curus the Twirler (Demonspawn Gladiator)            Turns: 1222, Time: 00:06:28

Health: -3/29      AC:  4    Str: 12    XL:     3   Next: 66%
Magic:  0/3        EV: 12    Int:  9    God:    Trog [......]
Gold:   101        SH:  0    Dex: 15    Spells: 2/2 levels left

rFire    . . .     SeeInvis .   a - +0 quarterstaff
rCold    . . .     Gourm    .   (shield currently unavailable)
rNeg     . . .     Faith    .   b - +0 leather armour
rPois    .         Spirit   +   c - +0 helmet
rElec    .         Reflect  .   (no cloak)
rCorr    .         Harm     .   (no gloves)
MR       .....                  (no boots)
Stlth    +.........             (no amulet)
HPRegen  0.09/turn              (no ring)
MPRegen  0.08/turn              (no ring)

@: no status effects
A: claws 1, hooves 1, robust 1, weak 1, magic shield
a: Renounce Religion


You were on level 2 of the Dungeon.
You worshipped Trog.
Trog was noncommittal.
You were not hungry.

You visited 1 branch of the dungeon, and saw 2 of its levels.

You collected 101 gold pieces.

Inventory:

Hand Weapons
 a - a +0 quarterstaff (weapon)
Missiles
 d - 3 throwing nets (quivered)
Armour
 b - a +0 leather armour (worn)
 c - a +0 helmet (worn)
Comestibles
 f - 5 rations


   Skills:
 - Level 2.0 Fighting
 + Level 4.2 Staves
 - Level 1.7 Throwing
 - Level 2.6 Dodging


You had 2 spell levels left.
You didn't know any spells.
Your spell library was empty.

Dungeon Overview and Level Annotations

Branches:
Dungeon (2/15)

Altars:
Trog
Yredelemnul

Annotations:
D:2 Crazy Yiuf


Innate Abilities, Weirdness & Mutations

You have large cloven feet.
When hurt, damage is shared between your health and your magic reserves.
You have sharp fingernails.
You are robust. (+10% HP)
You are weak. (Str -2)


Message History

You barely miss Crazy Yiuf.
Crazy Yiuf is lightly wounded.
Crazy Yiuf cries, "Announcement!"
Crazy Yiuf hits you with a +3 quarterstaff of chaos.
You feel your power leaking away.
You hit Crazy Yiuf but do no damage.
Crazy Yiuf is lightly wounded.
Crazy Yiuf hits you with a +3 quarterstaff of chaos.
You barely miss Crazy Yiuf.
Crazy Yiuf is lightly wounded.
Crazy Yiuf hits you with a +3 quarterstaff of chaos.
Crazy Yiuf freezes you.
* * * LOW HITPOINT WARNING * * *
You hit Crazy Yiuf but do no damage. You kick Crazy Yiuf.
Crazy Yiuf is moderately wounded.
Crazy Yiuf barely misses you.
You barely miss Crazy Yiuf.
Crazy Yiuf is moderately wounded.
Crazy Yiuf hits you with a +3 quarterstaff of chaos!
You die...

##########
.........#
########.# #.#
#.# #.# #.# ###
♣♣#### #.#
#)..#♣♣ ♣♣....##
# #.#
#...g@♣♣♣♣......#
########.#
#...#♣..♣.......#
.........# ###
♣♣♣.♣......#
)#######.#
♣♣♣♣♣###.# .##
#.# #.# ..#
############ #)#
..# #....##.# #.#
..# ##.#.##.#
#.##### ###
#.#.##.# #.....##


You could see Crazy Yiuf.

Vanquished Creatures
  A worm (D:2)
  2 dart slugs (D:1)
  2 leopard geckos
  2 giant cockroaches
  5 goblins
  5 hobgoblins
  4 jackals (D:1)
  4 kobolds (D:1)
  3 quokkas (D:2)
  5 bats (D:1)
  4 frilled lizards
  5 rats
42 creatures vanquished.

Vanquished Creatures (others)
  4 toadstools (D:1)
4 creatures vanquished.

Grand Total: 46 creatures vanquished

Notes
Turn   | Place    | Note
-------+----------+-------------------------------------------
     0 | D:1      | Curus the Demonspawn Gladiator began the quest for the Orb.
     0 | D:1      | Reached XP level 1. HP: 16/16 MP: 1/1
    26 | D:1      | Reached skill level 3 in Staves
    61 | D:1      | Gained mutation: When hurt, damage is shared between your
                  | health and your magic reserves. [demonic ancestry]
    61 | D:1      | Reached XP level 2. HP: 16/22 MP: 2/2
   234 | D:1      | Gained mutation: You have large cloven feet. [demonic
                  | ancestry]
   234 | D:1      | Reached XP level 3. HP: 24/27 MP: 3/3
   377 | D:1      | You fall into a shaft and drop 1 floor!
   379 | D:2      | Found a runed translucent door.
   380 | D:2      | Noticed Crazy Yiuf
   405 | D:2      | Reached skill level 4 in Staves
   494 | D:1      | Gained mutation: You have sharp fingernails. [potion of
                  | mutation]
   494 | D:1      | Gained mutation: You are weak. (Str -2) [potion of
                  | mutation]
   494 | D:1      | Gained mutation: You are robust. (+10% HP) [potion of
                  | mutation]
   668 | D:2      | Found a basalt altar of Yredelemnul.
   940 | D:2      | Found a bloodstained altar of Trog.
   946 | D:2      | Became a worshipper of Trog the Wrathful
  1222 | D:2      | Slain by Crazy Yiuf

Levels and vault maps discovered:
D:1:      ldierk_walled_garden_2, layout_basic, serial_forest,
          infiniplex_forest_zigzag_1, infiniplex_forest_lined_corner,
          infiniplex_forest_clump_small, infiniplex_forest_clump_double,
          infiniplex_forest_clump_large, infiniplex_forest_lined_3_way,
          infiniplex_forest_straight_2
D:2:      layout_loops_ring, bloody_trog, yredelemnul_altar_generic,
          uniq_crazy_yiuf_cottage

Skill      XL: |  1  2  3 |
---------------+----------+-----
Staves         | 3 4 |  4.2
Fighting       | |  2.0
Throwing       | |  1.7
Dodging        | |  2.6

Action                   || total
-------------------------++-------
Melee: Quarterstaff      ||   124
       Kick              ||     7
  Use: Potion            ||     5
       Scroll            ||     2
 Stab: Sleeping          ||     1
  Eat: Chunk             ||     1
Armor: Leather armour    ||    38
Dodge: Dodged            ||    74
